 Dungeon Crawl Stone Soup version 0.21-a0-297-ga3d34c2 (webtiles) character file.

2977 vatarom the Nimble (level 9, 0/111 HPs)
             Began as a Gnoll Monk on Sept 28, 2017.
             Was a Believer of Wu Jian.
             Slain by a two-headed ogre
             ... wielding a +0 giant club
              (9 damage)
             ... on level 8 of the Dungeon.
             The game lasted 00:16:07 (7045 turns).

vatarom the Nimble (Gnoll Monk)                     Turns: 7045, Time: 00:16:08

Health: 0/111      AC: 24    Str: 17    XL:     9   Next: 82%
Magic:  0/16       EV:  2    Int: 13    God:    Wu Jian [**....]
Gold:   275        SH:  6    Dex: 17    Spells: 17/17 levels left

rFire    . . .     SeeInvis .     - Unarmed
rCold    . . .     Gourm    .   j - +1 buckler
rNeg     + + +     Faith    .   (armour currently unavailable)
rPois    +         Spirit   +   (helmet currently unavailable)
rElec    .         Reflect  .   (cloak currently unavailable)
rCorr    .         Harm     .   (gloves currently unavailable)
MR       .....     NoTele   +   (boots currently unavailable)
Stlth    ++........             f - amulet of guardian spirit
HPRegen  0.28/turn              e - ring of loudness
MPRegen  0.15/turn              (no ring)

@: tree-form
A: distributed training, strong nose
a: Renounce Religion


You were on level 8 of the Dungeon.
You worshipped Wu Jian.
Wu Jian was pleased with you.
You were hungry.
You were a tree.
You visited 2 branches of the dungeon, and saw 9 of its levels.

You collected 275 gold pieces.

Inventory:

Armour
 j - a +1 buckler (worn)
 k - a +3 ring mail (melded)
Jewellery
 e - a ring of loudness (left branch)
 f - an amulet of guardian spirit (around neck)
Wands
 d - a wand of disintegration (9/24)
 g - a wand of disintegration (10/24)
 l - a wand of flame (37/48)
 p - a wand of scattershot (4/9)
 s - a wand of iceblast (7/15)
Scrolls
 c - 2 scrolls of fog
 r - a scroll of blinking
 u - a scroll of identify
 v - a scroll of amnesia {unknown}
 w - a scroll of teleportation
Potions
 h - a potion of lignification
 m - 2 potions of mutation {unknown}
 n - a potion of magic
 o - 3 potions of brilliance {unknown}
 t - a potion of resistance
Comestibles
 a - 4 royal jellies
 b - 5 bread rations
 i - 2 fruits


   Skills:
 + Level 8.2 Fighting
   Level 3.9 Short Blades
   Level 4.5 Long Blades
   Level 4.2 Axes
   Level 4.5 Maces & Flails
   Level 4.5 Polearms
 + Level 4.5 Staves
 + Level 3.7 Slings
 + Level 5.0 Bows
 + Level 4.0 Crossbows
 + Level 4.8 Throwing
 + Level 4.0 Armour
 + Level 8.9 Dodging
 + Level 6.5 Stealth
   Level 0.0 Stabbing
 + Level 3.5 Shields
   Level 0.0 Traps
 + Level 7.9 Unarmed Combat
 + Level 4.8 Spellcasting
 + Level 3.3 Conjurations
 + Level 4.8 Hexes
 + Level 4.5 Charms
 + Level 4.8 Summonings
 + Level 3.5 Necromancy
 + Level 3.1 Translocations
 + Level 5.7 Transmutations
 + Level 4.4 Fire Magic
 + Level 4.0 Ice Magic
 + Level 3.5 Air Magic
 + Level 4.0 Earth Magic
 + Level 3.7 Poison Magic
 + Level 4.0 Invocations
 + Level 4.7 Evocations


You had 17 spell levels left.
You didn't know any spells.

Dungeon Overview and Level Annotations

Branches:
Dungeon (8/15)             Temple (1/1) D:7
   Lair: D:8-11

Altars:
Ashenzari
Cheibriados
Dithmenos
Elyvilon
Fedhas
Gozag
Hepliaklqana
Kikubaaqudgha
Makhleb
Nemelex Xobeh
Okawaru
Qazlal
Ru
Sif Muna
Trog
Uskayaw
Vehumet
Wu Jian
Xom
Yredelemnul
Zin
The Shining One


Innate Abilities, Weirdness & Mutations

Your experience applies equally to all skills.
((You have very sharp teeth.))
Your uncanny sense of smell can sniff out nearby items.


Message History

Found an elf skeleton and a trident.
Found a mace.
You attack the two-headed ogre from above.
You hit the two-headed ogre.
The two-headed ogre is lightly wounded.
The two-headed ogre hits you with a giant club!!
* * * LOW HITPOINT WARNING * * *
The two-headed ogre misses you.
You turn into a tree.
Your +3 ring mail melds into your body.
Your roots penetrate the ground.
You block the two-headed ogre's attack.
The two-headed ogre hits you with a giant spiked club!
* * * LOW HITPOINT WARNING * * *
You feel better.
Okay, then.
You smack the two-headed ogre!
The two-headed ogre is moderately wounded.
The two-headed ogre hits you with a giant club!
* * * LOW HITPOINT WARNING * * *
The two-headed ogre hits you with a giant spiked club!
You die...

### #.## ∆
∆ )÷)# ∆ ∆
#..# ∆∆
#..#
##.########
#.....O♣.>#
#########.#
#.#
#######.#
#.#.....# #
..#.#####
#.#.#...#
##.#.###.#
#....#...#


You could see a two-headed ogre.

Vanquished Creatures
  Joseph (D:7)
  Grinder (D:5)
  Sigmund (D:6)
  Eustachio (D:5)
  Menkaure (D:5)
  An orc warrior (D:7)
  2 ice beasts
  A phantom (D:8)
  A necrophage (D:6)
  3 ogres
  A centaur (D:5)
  Blork the orc (D:6)
  A bullfrog (D:8)
  2 scorpions
  4 killer bees (D:7)
  3 crimson imps
  A centaur zombie (D:8)
  4 hounds
  A jelly (D:4)
  2 orc priests
  A bullfrog skeleton (D:5)
  2 centaur skeletons (D:5)
  2 iguanas
  3 orc wizards
  3 worker ants
  4 gnolls (D:6)
  A howler monkey skeleton (D:5)
  5 adders
  2 adder skeletons (D:4)
  An adder zombie (D:7)
  5 worms
  4 dart slugs
  4 leopard geckos
  18 orcs
  2 giant cockroaches
  10 goblins
  8 hobgoblins
  10 jackals
  4 kobolds (D:1)
  3 quokkas
  3 ball pythons
  5 bats
  4 frilled lizards
  2 leopard gecko skeletons
  A quokka skeleton (D:4)
  8 rats
148 creatures vanquished.

Vanquished Creatures (others)
  An orc (D:3)
1 creature vanquished.

Grand Total: 149 creatures vanquished

Notes
Turn   | Place    | Note
-------+----------+-------------------------------------------
     0 | D:1      | vatarom the Gnoll Monk began the quest for the Orb.
     0 | D:1      | Reached XP level 1. HP: 23/23 MP: 1/1
    53 | D:1      | Reached skill level 1 in Summonings
    53 | D:1      | Reached XP level 2. HP: 22/29 MP: 1/3
   171 | D:1      | Reached skill level 1 in Spellcasting
   261 | D:1      | Reached skill level 1 in Throwing
   351 | D:1      | Reached skill level 1 in Short Blades
   351 | D:1      | Reached XP level 3. HP: 22/35 MP: 4/4
   534 | D:1      | Reached skill level 1 in Necromancy
   777 | D:2      | Reached skill level 1 in Invocations
   792 | D:2      | Reached skill level 1 in Ice Magic
  1231 | D:2      | Reached skill level 1 in Bows
  1384 | D:2      | Reached skill level 1 in Transmutations
  1526 | D:3      | Reached XP level 4. HP: 37/41 MP: 5/5
  1588 | D:3      | Reached skill level 1 in Armour
  1588 | D:3      | Reached skill level 1 in Hexes
  1588 | D:3      | Reached skill level 1 in Fire Magic
  1588 | D:3      | Reached skill level 1 in Earth Magic
  1588 | D:3      | Reached skill level 1 in Evocations
  1593 | D:3      | Reached skill level 1 in Polearms
  1593 | D:3      | Reached skill level 1 in Translocations
  1593 | D:3      | Reached XP level 5. HP: 34/47 MP: 5/7
  1798 | D:3      | Reached skill level 1 in Conjurations
  2039 | D:4      | Reached skill level 1 in Charms
  2154 | D:4      | Reached skill level 1 in Long Blades
  2496 | D:4      | Reached skill level 1 in Axes
  2496 | D:4      | Reached skill level 1 in Maces & Flails
  2617 | D:4      | Reached skill level 1 in Air Magic
  2617 | D:4      | Reached XP level 6. HP: 55/55 MP: 8/8
  2769 | D:5      | Entered Level 5 of the Dungeon
  2769 | D:5      | Noticed Menkaure
  2800 | D:5      | Killed Menkaure
  2800 | D:5      | Reached skill level 1 in Staves
  2800 | D:5      | Reached skill level 1 in Crossbows
  3049 | D:5      | Reached XP level 7. HP: 58/60 MP: 10/10
  3064 | D:5      | Reached skill level 1 in Poison Magic
  3077 | D:5      | Reached skill level 1 in Shields
  3116 | D:5      | Reached skill level 5 in Stealth
  3141 | D:5      | Noticed Eustachio
  3158 | D:5      | Reached skill level 1 in Slings
  3178 | D:5      | Killed Eustachio
  3263 | D:5      | Noticed Grinder
  3282 | D:5      | Reached XP level 8. HP: 37/67 MP: 12/12
  3295 | D:5      | Found a white marble altar of Elyvilon.
  3296 | D:5      | Paralysed by Grinder for 5 turns
  3319 | D:5      | Killed Grinder
  3568 | D:5      | Found a snail-covered altar of Cheibriados.
  3570 | D:5      | Found a glowing golden altar of the Shining One.
  3570 | D:5      | Found a glowing silver altar of Zin.
  3571 | D:5      | Found an iron altar of Okawaru.
  3574 | D:5      | Found a hide-covered altar of Uskayaw.
  3881 | D:5      | Got a slimy mace
  3884 | D:5      | Identified the +7 mace "Rucwuamp" {drain, *Drain Fragile +Rage rN++ Int+3} (You found it on level 5 of the Dungeon)
  4144 | D:6      | Noticed Blork the orc
  4150 | D:6      | Noticed Sigmund
  4180 | D:6      | Killed Blork the orc
  5277 | D:6      | Reached XP level 9. HP: 13/73 MP: 13/13
  5418 | D:6      | Killed Sigmund
  5418 | D:6      | Reached skill level 5 in Transmutations
  6299 | D:7      | Found a staircase to the Ecumenical Temple.
  6308 | Temple   | Entered the Ecumenical Temple
  6361 | Temple   | Became a worshipper of the Wu Jian Council
  6361 | Temple   | Reached * piety under Wu Jian
  6361 | Temple   | Reached ** piety under Wu Jian
  6478 | D:7      | Noticed Joseph
  6505 | D:7      | Killed Joseph
  6683 | D:7      | Found a glowing silver altar of Zin.
  6892 | D:8      | Reached skill level 5 in Bows
  7023 | D:8      | Noticed a two-headed ogre
  7045 | D:8      | Slain by a two-headed ogre

Vault maps used:
D:1:      minmay_arrival_stone_box
D:2:      serial_bayou_ford_a
D:3:      guppyfry_early_orc_mine
D:5:      minitemple, nicolae_ossuary_entry_plus, first_bread,
          serial_bayou_crossing, uniq_grinder, uniq_eustachio, uniq_menkaure
D:6:      minmay_misc_feat_cross, uniq_sigmund, uniq_blork_the_orc
D:7:      minmay_temple_entry_statues_fountains, basic_altar, uniq_joseph
D:8:      enter_bailey_7, special_room, grunt_ogre_cave
Temple:   kb_temple_of_zot

Skill      XL: |  1  2  3  4  5  6  7  8  9 |
---------------+----------------------------+-----
Summonings     | 1 2 3 4 |  4.8
Spellcasting   | 1 2 3 4 |  4.8
Throwing       | 1 2 3 4 |  4.8
Short Blades   | 1 2 3 |  3.9
Necromancy     | 1 2 3 |  3.5
Invocations    | 1 2 3 4 |  4.0
Ice Magic      | 1 2 3 4 |  4.0
Bows           | 1 2 3 5 |  5.0
Transmutations | 1 2 3 4 5 |  5.7
Armour         | 1 3 4 |  4.0
Hexes          | 1 2 4 |  4.8
Fire Magic     | 1 2 3 4 |  4.4
Earth Magic    | 1 2 3 4 |  4.0
Evocations     | 2 3 4 |  4.7
Polearms       | 1 2 3 4 |  4.5
Translocations | 1 2 3 |  3.1
Conjurations   | 1 2 3 |  3.3
Charms         | 1 2 3 4 |  4.5
Long Blades    | 2 3 4 |  4.5
Axes           | 1 2 3 4 |  4.2
Maces & Flails | 1 2 3 4 |  4.5
Fighting       | 7 8 |  8.2
Air Magic      | 1 2 3 |  3.5
Staves         | 1 2 3 4 |  4.5
Crossbows      | 1 2 4 |  4.0
Dodging        | 7 8 |  8.9
Poison Magic   | 1 2 3 |  3.7
Shields        | 2 3 |  3.5
Unarmed Combat | 7 |  7.9
Stealth        | 5 6 |  6.5
Slings         | 1 3 |  3.7

Action                   |  1- 3 |  4- 6 |  7- 9 || total
-------------------------+-------+-------+-------++-------
Melee: Unarmed           |   134 |   115 |   424 ||   673
       Bite              |    15 |    15 |    60 ||    90
       Punch             |     2 |     4 |     4 ||    10
Throw: Tomahawk          |     4 |     1 |       ||     5
Evoke: Wand              |       |       |     3 ||     3
  Use: Scroll            |       |     6 |     4 ||    10
       Potion            |       |     4 |     9 ||    13
 Stab: Sleeping          |     5 |     1 |     2 ||     8
       Distracted        |       |       |     1 ||     1
  Eat: Royal jelly       |     1 |       |       ||     1
       Chunk             |       |     1 |     2 ||     3
       Bread ration      |       |     1 |       ||     1
       Meat ration       |       |       |     2 ||     2
Armor: Robe              |    16 |       |       ||    16
       Ring mail         |       |    18 |    95 ||   113
       Skin              |       |       |    19 ||    19
Dodge: Dodged            |   103 |    86 |   345 ||   534
Block: Buckler           |       |       |    41 ||    41

Table legend:
 A = Spawn XP
 B = Non-spawn XP
 C = Spawn XP percentage of total XP
 D = Spawn monster count
 E = Non-spawn monster count
 F = Spawn count percentage of total count
 G = Total turns spent on level
                    A         B        C        D         E        F      G
               +---------+---------+-------+---------+---------+-------+---------
         Total |       0 |    4254 |   0.0 |       0 |     149 |   0.0 |  7045
               +---------+---------+-------+---------+---------+-------+---------
           D:1 |       0 |      44 |   0.0 |       0 |      24 |   0.0 |   758
           D:2 |       0 |      33 |   0.0 |       0 |      17 |   0.0 |   756
           D:3 |       0 |     133 |   0.0 |       0 |      21 |   0.0 |   859
           D:4 |       0 |     195 |   0.0 |       0 |      12 |   0.0 |   818
           D:5 |       0 |    1379 |   0.0 |       0 |      32 |   0.0 |  1204
           D:6 |       0 |     833 |   0.0 |       0 |      15 |   0.0 |  1320
           D:7 |       0 |    1029 |   0.0 |       0 |      19 |   0.0 |  1013
           D:8 |       0 |     608 |   0.0 |       0 |       9 |   0.0 |   180
               +---------+---------+-------+---------+---------+-------+---------
